General information
			
			
        
        - name: BNet
 
        - type: Ladder team game (AT/RT)
 
        - host: Battle.net
 
        - saver: Blahsmack
 
        
map: SilverpineForest 
        - players: 6
 
        - length: 43:42
 
        - speed: Fast
 - version: 1.22 W3XP
 - replay type:  Public
 
» download(257 KB)
Players
        team 1 (loser) 
              
              
blue-murder (
purple | 50 APM | 1408 actions | 28:22)
              
 5 Demon Hunter 
 3 Immolation
 2 Evasion
 4 Naga Sea Witch 
 2 Frost Arrows
 2 Forked Lightning
 
                » actions 
                
                | Assign group hotkey | 29 |  | 
| Build / train | 89 |  | 
| Enter build submenu | 17 |  | 
| Enter hero's abilities submenu | 10 |  | 
| Give item / drop item | 2 |  | 
| Right click | 496 |  | 
| Select / deselect | 371 |  | 
| Select group hotkey | 287 |  | 
| Use ability | 107 |  | 
                1408 total
 » units 
                
                | Wisp | 23 |  | 
| Huntress | 4 |  | 
| Dryad | 6 |  | 
| Druid of the Claw | 3 |  | 
                36 total
 » upgrades
                
                | Ultravision | 1 |  | 
| Abolish Magic | 1 |  | 
| Upgrade Moon Glaive | 1 |  | 
| Druid of the Claw Training | 2 |  | 
| Strength of the Moon | 1 |  | 
| Mark of the Claw | 1 |  | 
| Strength of the Wild | 3 |  | 
| Nature's Blessing | 1 |  | 
| Moon Armor | 1 |  | 
| Sentinel | 1 |  | 
| Reinforced Hides | 2 |  | 
                15 total
 » buildings
                
                | Altar of Elders | 1 |  | 
| Moon Well | 6 |  | 
| Ancient of Wonders | 1 |  | 
| Hunter's Hall | 1 |  | 
| Ancient of War | 1 |  | 
| Ancient Protector | 2 |  | 
| Tree of Ages | 1 |  | 
| Ancient of Lore | 2 |  | 
| Tree of Eternity | 1 |  | 
| Tree of Life | 1 |  | 
                17 total
 » build order
                00:08 Altar of Elders
00:10 Moon Well
00:43 Ancient of Wonders
01:34 Hunter's Hall
02:01 Ancient of War
02:25 Moon Well
02:41 Ancient Protector
04:17 Tree of Ages
04:25 Ancient Protector
05:02 Moon Well
06:41 Ancient of Lore
07:31 Tree of Eternity
08:20 Moon Well
09:44 Ancient of Lore
10:39 Moon Well
12:55 Moon Well
20:57 Tree of Life
» items
                
                | Dust of Appearance | 2 |  | 
| Lesser Clarity Potion | 5 |  | 
| Potion of Lesser Invulnerability | 3 |  | 
| Moonstone | 5 |  | 
| Orb of Venom | 1 |  | 
| Potion of Healing | 2 |  | 
| Scroll of Town Portal | 5 |  | 
| Scroll of Protection | 2 |  | 
                25 total
  
               
              
              
» 
Cosmos (
yellow | 29 APM | 1280 actions | 43:39)
              
 9 Archmage 
 3 Summon Water Elemental
 3 Brilliance Aura
 1 Mass Teleport
 2 Blizzard
 2 Naga Sea Witch 
 1 Forked Lightning
 1 Tornado
 
                » actions 
                
                | Build / train | 109 |  | 
| Enter build submenu | 27 |  | 
| Enter hero's abilities submenu | 11 |  | 
| Give item / drop item | 1 |  | 
| Remove unit from queue | 2 |  | 
| Right click | 459 |  | 
| Select / deselect | 549 |  | 
| Use ability | 122 |  | 
                1280 total
 » units 
                
                | Peasant | 7 |  | 
| Footman | 7 |  | 
| Knight | 13 |  | 
| Siege Engine | 14 |  | 
| Flying Machine | 13 |  | 
| Priest | 3 |  | 
| Druid of the Claw | 1 |  | 
| Dryad | 6 |  | 
                64 total
 » upgrades
                
                | Masonry | 1 |  | 
| Defend | 1 |  | 
| Lumber Harvesting | 1 |  | 
| Gunpowder | 2 |  | 
| Plating | 2 |  | 
| Barrage | 1 |  | 
| Swords | 1 |  | 
| Flak Cannons | 1 |  | 
| Flying Machine Bombs | 1 |  | 
| Sorceress Training | 1 |  | 
                12 total
 » buildings
                
                | Farm | 15 |  | 
| Altar of Kings | 2 |  | 
| Barracks | 1 |  | 
| Lumber Mill | 1 |  | 
| Scout Tower | 1 |  | 
| Arcane Tower | 1 |  | 
| Arcane Vault | 1 |  | 
| Keep | 1 |  | 
| Blacksmith | 1 |  | 
| Castle | 1 |  | 
| Workshop | 2 |  | 
| Arcane Sanctum | 1 |  | 
| Town Hall | 1 |  | 
| Moon Well | 1 |  | 
                30 total
 » build order
                00:23 Farm
00:26 Farm
00:38 Altar of Kings
01:02 Barracks
01:16 Farm
01:40 Farm
01:51 Lumber Mill
02:01 Scout Tower
02:19 Farm
02:31 Arcane Tower
03:08 Arcane Vault
04:02 Keep
04:45 Farm
05:55 Blacksmith
06:25 Castle
08:08 Workshop
08:13 Workshop
10:53 Farm
11:36 Farm
11:49 Farm
12:23 Farm
13:58 Farm
16:42 Farm
19:28 Farm
26:12 Arcane Sanctum
30:08 Town Hall
33:16 Altar of Kings
34:49 Farm
34:59 Farm
35:53 Moon Well
» items
                
                | Scroll of Regeneration | 9 |  | 
| Potion of Healing | 6 |  | 
| Orb of Venom | 1 |  | 
                16 total
  
               
              
              
» 
lacay (
teal | 61 APM | 2416 actions | 39:55)
              
 9 Warden 
 3 Shadow Strike
 3 Fan of Knives
 1 Spirit of Vengeance
 2 Blink
 2 Keeper of the Grove 
 1 Entangling Roots
 1 Force of Nature
 
                » actions 
                
                | Assign group hotkey | 18 |  | 
| Basic commands | 12 |  | 
| Build / train | 161 |  | 
| ESC pressed | 3 |  | 
| Enter build submenu | 23 |  | 
| Enter hero's abilities submenu | 11 |  | 
| Remove unit from queue | 13 |  | 
| Right click | 1405 |  | 
| Select / deselect | 464 |  | 
| Select group hotkey | 129 |  | 
| Use ability | 177 |  | 
                2416 total
 » units 
                
                | Wisp | 19 |  | 
| Archer | 30 |  | 
| Huntress | 6 |  | 
| Druid of the Claw | 15 |  | 
| Dryad | 18 |  | 
                88 total
 » upgrades
                
                | Strength of the Moon | 3 |  | 
| Moon Armor | 3 |  | 
| Improved Bows | 1 |  | 
| Marksmanship | 1 |  | 
| Druid of the Claw Training | 2 |  | 
| Mark of the Claw | 1 |  | 
| Reinforced Hides | 2 |  | 
| Strength of the Wild | 2 |  | 
| Abolish Magic | 1 |  | 
                16 total
 » buildings
                
                | Altar of Elders | 1 |  | 
| Moon Well | 5 |  | 
| Ancient of War | 1 |  | 
| Hunter's Hall | 1 |  | 
| Tree of Ages | 1 |  | 
| Tree of Life | 2 |  | 
| Tree of Eternity | 1 |  | 
| Ancient of Lore | 2 |  | 
| Ancient Protector | 11 |  | 
                25 total
 » build order
                00:20 Altar of Elders
00:35 Moon Well
01:20 Ancient of War
01:33 Moon Well
02:07 Moon Well
02:16 Moon Well
03:28 Hunter's Hall
03:41 Moon Well
04:58 Tree of Ages
06:34 Tree of Life
07:24 Tree of Eternity
12:50 Ancient of Lore
12:52 Ancient of Lore
25:53 Ancient Protector
25:57 Ancient Protector
26:01 Ancient Protector
26:03 Ancient Protector
26:04 Ancient Protector
30:00 Ancient Protector
30:01 Ancient Protector
30:02 Ancient Protector
30:04 Ancient Protector
30:05 Ancient Protector
30:08 Ancient Protector
38:52 Tree of Life
» items
                
                | Scroll of Town Portal | 11 |  | 
| Scroll of Protection | 7 |  | 
| Potion of Lesser Invulnerability | 5 |  | 
| Scroll of Healing | 4 |  | 
| Circlet of Nobility | 1 |  | 
| Scroll of Regeneration | 1 |  | 
                29 total
  
               team 2 (winner) 
              
              
yElLoWlOrD (
red | 121 APM | 5297 actions | 43:40)
              
 8 Blademaster 
 3 Wind Walk
 3 Critical Strike
 1 Bladestorm
 1 Mirror Image
 7 Dark Ranger 
 3 Black Arrow
 3 Life Drain
 1 Charm
 
                » actions 
                
                | Assign group hotkey | 63 |  | 
| Build / train | 106 |  | 
| Enter build submenu | 34 |  | 
| Enter hero's abilities submenu | 15 |  | 
| Give item / drop item | 6 |  | 
| Remove unit from queue | 3 |  | 
| Right click | 3050 |  | 
| Select / deselect | 562 |  | 
| Select group hotkey | 1288 |  | 
| Use ability | 170 |  | 
                5297 total
 » units 
                
                | Peon | 11 |  | 
| Grunt | 3 |  | 
| Troll Witch Doctor | 26 |  | 
| Tauren | 17 |  | 
| Spirit Walker | 4 |  | 
                61 total
 » upgrades
                
                | Armor | 1 |  | 
| Melee Weapons | 2 |  | 
| Berserker Strength | 1 |  | 
| Witch Doctor Training | 2 |  | 
| Spirit Walker Training | 2 |  | 
| Reinforced Defenses | 1 |  | 
| Spiked Barricades | 2 |  | 
| Pulverize | 1 |  | 
                12 total
 » buildings
                
                | Altar of Storms | 2 |  | 
| Orc Burrow | 10 |  | 
| War Mill | 1 |  | 
| Voodoo Lounge | 1 |  | 
| Barracks | 1 |  | 
| Watch Tower | 7 |  | 
| Stronghold | 1 |  | 
| Spirit Lodge | 1 |  | 
| Fortress | 1 |  | 
| Tauren Totem | 2 |  | 
| Great Hall | 4 |  | 
                31 total
 » build order
                00:05 Altar of Storms
00:27 Orc Burrow
00:41 War Mill
01:15 Voodoo Lounge
01:58 Barracks
02:21 Watch Tower
02:58 Orc Burrow
03:17 Stronghold
04:24 Orc Burrow
05:22 Orc Burrow
06:36 Spirit Lodge
07:29 Orc Burrow
07:36 Fortress
08:56 Orc Burrow
09:59 Tauren Totem
10:01 Tauren Totem
21:37 Orc Burrow
26:06 Great Hall
31:45 Watch Tower
32:12 Great Hall
32:41 Great Hall
32:52 Watch Tower
33:12 Orc Burrow
33:18 Orc Burrow
33:30 Orc Burrow
34:53 Altar of Storms
35:06 Watch Tower
36:21 Watch Tower
37:02 Watch Tower
37:45 Watch Tower
40:28 Great Hall
» items
                
                | Healing Salve | 2 |  | 
| Lesser Clarity Potion | 2 |  | 
| Orb of Lightning | 1 |  | 
| Scroll of Town Portal | 4 |  | 
| Scroll of Protection | 1 |  | 
                10 total
  
               
              
              
Anubisnate (
orange | 59 APM | 2556 actions | 43:40)
              
 7 Demon Hunter 
 1 Immolation
 2 Evasion
 3 Mana Burn
 1 Metamorphosis
 5 Priestess of the Moon 
 3 Trueshot Aura
 2 Scout
 
                » actions 
                
                | Assign group hotkey | 21 |  | 
| Basic commands | 170 |  | 
| Build / train | 123 |  | 
| Enter build submenu | 37 |  | 
| Enter hero's abilities submenu | 12 |  | 
| Give item / drop item | 5 |  | 
| Remove unit from queue | 3 |  | 
| Right click | 869 |  | 
| Select / deselect | 805 |  | 
| Select group hotkey | 402 |  | 
| Use ability | 109 |  | 
                2556 total
 » units 
                
                | Wisp | 31 |  | 
| Archer | 11 |  | 
| Faerie Dragon | 3 |  | 
| Dryad | 21 |  | 
| Druid of the Talon | 10 |  | 
| Hippogryph | 3 |  | 
                79 total
 » upgrades
                
                | Improved Bows | 1 |  | 
| Abolish Magic | 1 |  | 
| Moon Armor | 3 |  | 
| Reinforced Hides | 3 |  | 
| Druid of the Talon Training | 2 |  | 
| Marksmanship | 1 |  | 
| Well Spring | 1 |  | 
| Mark of the Talon | 1 |  | 
                13 total
 » buildings
                
                | Altar of Elders | 2 |  | 
| Moon Well | 12 |  | 
| Ancient of War | 1 |  | 
| Tree of Ages | 2 |  | 
| Hunter's Hall | 2 |  | 
| Ancient of Wonders | 2 |  | 
| Ancient of Lore | 6 |  | 
| Ancient of Wind | 2 |  | 
| Tree of Eternity | 2 |  | 
| Tree of Life | 3 |  | 
| Ancient Protector | 3 |  | 
                37 total
 » build order
                00:07 Altar of Elders
00:11 Moon Well
00:59 Ancient of War
01:28 Moon Well
02:29 Moon Well
03:26 Tree of Ages
03:51 Hunter's Hall
04:11 Ancient of Wonders
04:51 Moon Well
06:16 Ancient of Lore
06:21 Ancient of Wind
09:18 Tree of Eternity
10:14 Moon Well
10:19 Moon Well
10:25 Moon Well
13:01 Ancient of Wind
13:12 Ancient of Lore
16:00 Tree of Life
21:55 Tree of Life
22:07 Ancient of Lore
28:10 Tree of Life
29:53 Ancient of Wonders
29:58 Moon Well
32:06 Tree of Ages
32:59 Altar of Elders
34:13 Moon Well
34:50 Hunter's Hall
35:08 Moon Well
36:00 Ancient of Lore
36:01 Ancient of Lore
36:02 Ancient of Lore
36:18 Ancient Protector
36:20 Ancient Protector
36:22 Ancient Protector
38:32 Tree of Eternity
41:44 Moon Well
41:50 Moon Well
» items
                
                | Moonstone | 2 |  | 
| Boots of Speed | 1 |  | 
| Scroll of Town Portal | 2 |  | 
| Potion of Lesser Invulnerability | 3 |  | 
| Healing Salve | 1 |  | 
| Orb of Lightning | 1 |  | 
                10 total
  
               
              
              
Blahsmack (
pink | 53 APM | 2336 actions | 43:42)
              
 6 Blood Mage 
 3 Flame Strike
 2 Siphon Mana
 1 Summon Phoenix
 
                » actions 
                
                | Basic commands | 174 |  | 
| Build / train | 141 |  | 
| Enter build submenu | 51 |  | 
| Enter hero's abilities submenu | 6 |  | 
| Remove unit from queue | 5 |  | 
| Right click | 1216 |  | 
| Select / deselect | 517 |  | 
| Use ability | 226 |  | 
                2336 total
 » units 
                
                | Peasant | 21 |  | 
| Goblin Shredder | 1 |  | 
| Gryphon Rider | 14 |  | 
                36 total
 » upgrades
                
                | Masonry | 3 |  | 
| Lumber Harvesting | 2 |  | 
| Cloud | 0 |  | 
| Storm Hammers | 1 |  | 
| Magic Sentry | 1 |  | 
| Swords | 3 |  | 
| Armor | 3 |  | 
| Animal War Training | 1 |  | 
                14 total
 » buildings
                
                | Altar of Kings | 1 |  | 
| Lumber Mill | 5 |  | 
| Farm | 11 |  | 
| Scout Tower | 135 |  | 
| Arcane Tower | 1 |  | 
| Guard Tower | 58 |  | 
| Town Hall | 3 |  | 
| Arcane Vault | 2 |  | 
| Keep | 1 |  | 
| Barracks | 1 |  | 
| Castle | 1 |  | 
| Gryphon Aviary | 2 |  | 
| Arcane Sanctum | 1 |  | 
| Blacksmith | 1 |  | 
                223 total
 » build order
                00:17 Altar of Kings
00:34 Lumber Mill
00:45 Farm
01:12 Farm
01:25 Scout Tower
01:38 Scout Tower
01:39 Scout Tower
02:08 Arcane Tower
02:10 Guard Tower
02:32 Scout Tower
02:34 Farm
02:36 Guard Tower
03:30 Scout Tower
03:32 Farm
04:26 Guard Tower
05:37 Town Hall
05:41 Scout Tower
05:42 Scout Tower
05:42 Scout Tower
05:46 Scout Tower
05:49 Scout Tower
05:51 Scout Tower
06:14 Guard Tower
06:14 Guard Tower
06:16 Guard Tower
06:19 Scout Tower
06:19 Scout Tower
06:19 Scout Tower
06:21 Scout Tower
06:21 Scout Tower
06:22 Scout Tower
06:24 Guard Tower
06:27 Farm
06:28 Farm
06:31 Scout Tower
06:32 Scout Tower
06:38 Arcane Vault
06:49 Guard Tower
07:13 Guard Tower
07:13 Guard Tower
07:13 Guard Tower
08:04 Guard Tower
08:07 Keep
08:12 Scout Tower
08:13 Scout Tower
08:14 Scout Tower
08:15 Scout Tower
08:16 Scout Tower
08:34 Guard Tower
08:40 Arcane Vault
08:44 Guard Tower
08:47 Guard Tower
08:49 Guard Tower
09:33 Guard Tower
09:47 Scout Tower
09:48 Scout Tower
09:49 Scout Tower
09:51 Farm
09:52 Farm
09:52 Farm
09:55 Barracks
09:58 Scout Tower
09:59 Scout Tower
10:00 Scout Tower
10:03 Scout Tower
10:04 Scout Tower
10:05 Scout Tower
10:07 Scout Tower
10:29 Castle
11:14 Guard Tower
11:14 Guard Tower
12:28 Guard Tower
12:29 Guard Tower
12:32 Scout Tower
12:32 Scout Tower
12:33 Scout Tower
12:39 Gryphon Aviary
12:41 Gryphon Aviary
13:02 Arcane Sanctum
13:35 Guard Tower
13:40 Blacksmith
13:46 Scout Tower
13:47 Scout Tower
13:48 Scout Tower
14:02 Lumber Mill
15:51 Guard Tower
16:26 Scout Tower
16:27 Scout Tower
16:28 Scout Tower
16:29 Scout Tower
16:29 Scout Tower
16:30 Scout Tower
16:32 Scout Tower
16:34 Scout Tower
16:35 Scout Tower
16:40 Scout Tower
16:40 Scout Tower
18:29 Guard Tower
18:42 Scout Tower
18:53 Farm
18:58 Scout Tower
19:01 Farm
19:04 Scout Tower
19:06 Scout Tower
19:07 Scout Tower
19:08 Scout Tower
19:10 Scout Tower
19:11 Scout Tower
19:13 Scout Tower
19:13 Scout Tower
19:14 Scout Tower
19:15 Scout Tower
19:16 Scout Tower
19:17 Scout Tower
21:57 Guard Tower
21:57 Guard Tower
22:02 Scout Tower
22:03 Scout Tower
22:05 Scout Tower
22:05 Scout Tower
23:10 Guard Tower
23:18 Lumber Mill
23:41 Guard Tower
27:52 Lumber Mill
34:23 Lumber Mill
34:28 Scout Tower
34:29 Scout Tower
34:30 Scout Tower
34:30 Scout Tower
34:31 Scout Tower
34:32 Scout Tower
35:17 Guard Tower
35:43 Guard Tower
36:01 Scout Tower
36:02 Scout Tower
36:35 Guard Tower
37:19 Town Hall
37:21 Scout Tower
37:22 Scout Tower
37:22 Scout Tower
37:22 Scout Tower
37:23 Scout Tower
37:23 Scout Tower
37:23 Scout Tower
37:24 Scout Tower
37:25 Scout Tower
37:26 Scout Tower
37:27 Scout Tower
37:28 Scout Tower
37:29 Scout Tower
37:31 Scout Tower
37:54 Guard Tower
39:01 Guard Tower
39:01 Guard Tower
39:04 Scout Tower
39:52 Guard Tower
39:52 Guard Tower
41:01 Scout Tower
41:01 Scout Tower
41:02 Scout Tower
41:07 Scout Tower
41:08 Scout Tower
41:09 Scout Tower
41:11 Scout Tower
41:13 Scout Tower
41:15 Scout Tower
41:15 Scout Tower
41:17 Scout Tower
41:18 Scout Tower
41:19 Scout Tower
41:22 Scout Tower
41:23 Scout Tower
41:24 Scout Tower
41:25 Scout Tower
41:26 Scout Tower
41:27 Scout Tower
41:34 Town Hall
41:36 Scout Tower
41:37 Scout Tower
41:37 Scout Tower
41:38 Scout Tower
41:38 Scout Tower
41:38 Scout Tower
41:39 Scout Tower
41:40 Scout Tower
41:40 Scout Tower
41:41 Scout Tower
41:42 Scout Tower
41:42 Scout Tower
41:42 Scout Tower
41:44 Scout Tower
42:24 Guard Tower
42:42 Guard Tower
42:42 Guard Tower
42:44 Guard Tower
42:47 Guard Tower
42:49 Guard Tower
43:03 Scout Tower
43:03 Scout Tower
43:04 Scout Tower
43:04 Scout Tower
43:05 Scout Tower
43:07 Scout Tower
43:15 Guard Tower
43:23 Guard Tower
43:23 Guard Tower
43:39 Guard Tower
43:40 Guard Tower
» items
                
                | Potion of Mana | 1 |  | 
| Scroll of Regeneration | 2 |  | 
| Lesser Clarity Potion | 1 |  | 
| Potion of Healing | 6 |  | 
| Scroll of Town Portal | 5 |  | 
| Orb of Fire | 1 |  | 
                16 total
  
                Chat log
          (00:11 / Allies) yElLoWlOrD: hihi
(00:15 / Allies) Anubisnate: hi
(00:17 / Allies) yElLoWlOrD: melee n doc here
(00:21 / Allies) Anubisnate: air
(00:28 / Allies) Anubisnate: and aa
(01:49 / Allies) Anubisnate: ah you both tech =]
(01:57 / Allies) Blahsmack: expand you mean
(02:01 / Allies) yElLoWlOrD: yap
(02:15 / Allies) yElLoWlOrD: me hero harassin
(02:20 / Allies) Anubisnate: k
(04:20 / All) blue-murder: setupid orc
(04:34 / All) Anubisnate: too bad you cant spell stupid
(04:51 / All) blue-murder: go home make you base
(04:56 / All) blue-murder: hero first is die
(05:10 / All) Blahsmack: LOL 
(05:44 / All) Cosmos: hmm, i leveled off your unproductive peons, and your hero got what?
(05:57 / All) Blahsmack: my heroes levl 2 now
(06:03 / All) Cosmos: lol
(06:06 / All) Cosmos: your dead
(06:43 / Allies) Blahsmack: lumber me
(06:59 / Allies) Blahsmack: k
(07:55 / All) Blahsmack: L:OL
(09:23 / Allies) Blahsmack: LOL
(09:25 / All) Blahsmack: LOL
(09:27 / All) Blahsmack: LOL
(10:16 / Allies) Blahsmack: lumber me
(12:11 / Allies) Anubisnate: help
(12:15 / Allies) Anubisnate: pink has nothing...
(12:25 / Allies) Anubisnate: ty
(12:37 / Allies) Anubisnate: tower whore...
(14:18 / Allies) Anubisnate: k
(14:22 / Allies) Anubisnate: omw
(17:47 / Allies) Anubisnate: i aint tp'ing
(19:17 / Allies) Anubisnate: into base red
(22:58 / Allies) Anubisnate: pink gold me
(23:00 / Allies) Anubisnate: newb
(23:08 / Allies) Anubisnate: ty
(23:38 / Allies) Anubisnate: red b
(23:52 / Allies) yElLoWlOrD: need gold
(23:58 / Allies) Blahsmack: you ned to expand
(24:04 / Allies) Anubisnate: i had one
(24:48 / Allies) Anubisnate: help?
(25:17 / Allies) Anubisnate: come red
(25:40 / Allies) yElLoWlOrD: gold
(25:47 / Allies) Anubisnate: lead
(26:09 / Allies) Anubisnate: pink spend your gold
(26:10 / Allies) Anubisnate: wtf
(27:50 / Allies) Anubisnate: heal bm
(28:22 / All) lacay: lol
(29:00 / Allies) Anubisnate: pink spend your fucking gold
(30:08 / Allies) Anubisnate: gold red 
(30:13 / Allies) Anubisnate: give red gold
(30:19 / Allies) Blahsmack: I JUST DID
(30:24 / Allies) Anubisnate: more
(30:33 / Allies) Anubisnate: help us
(32:21 / Allies) Anubisnate: repair
(32:32 / Allies) Anubisnate: wow newb
(32:38 / Allies) Anubisnate: lmao
(33:28 / Allies) Anubisnate: pink gold us
(33:30 / Allies) Anubisnate: 4k...
(33:36 / Allies) Anubisnate: ty
(36:32 / Allies) Anubisnate: gold asap
(36:38 / Allies) Blahsmack: I RAN DRY
(36:49 / Allies) Anubisnate: alright
(37:26 / Allies) Anubisnate: help out pink
(38:39 / Allies) Anubisnate: ward?
(39:23 / Allies) Anubisnate: ty
(39:57 / Allies) Anubisnate: hero
(39:59 / All) Anubisnate: haha
(40:05 / All) Anubisnate: teal no balls
(40:06 / All) Cosmos: ha what?
(40:13 / All) Blahsmack: TOWERO0WNED
(40:15 / All) Anubisnate: gave up
(40:22 / All) Cosmos: sorry guys, you all got lucky
(40:24 / All) Anubisnate: lease you stayed
(40:25 / All) Blahsmack: LUCKY?
(40:30 / All) Blahsmack: LUCKY I BUILT TOWER?
(40:49 / All) Anubisnate: gonna hve to agree with yellow
(41:09 / All) Cosmos: not have to, i do
(41:43 / All) Cosmos: luckiest game i've played in awhile, pink has no skill. just luck, red and orange got owned, so go figure
(41:48 / All) Blahsmack: LOL
(42:04 / All) Blahsmack: BEACUSE I BACK BOMB YOUR BASE WHILE YOU OFF ATTACKING
(42:07 / All) Blahsmack: FORCING YOU TO TP
(42:10 / All) Blahsmack: THEN I RUN AWAY
(42:14 / All) Blahsmack: AND THEN I REPEAT
(42:17 / All) Blahsmack: AND YOU STILL FALL FOR IT
(42:20 / All) Blahsmack: CUZ YOU DUMB
(42:33 / All) Blahsmack: FACE IT NIGGAH YOU A DUMB ASS MUTHA FUCKA STOP PLAYING
(43:16 / Allies) Anubisnate: lol
(43:23 / Allies) Anubisnate: insult
(43:35 / All) Cosmos: pink i'll remember you name - as the stupid lucky one